 Dungeon Crawl Stone Soup version 0.30.0-10-gfe55d96785 (webtiles) character file.

Game seed: 18149537796721447404

8693 qw the Cleaver (level 11, -6/71 HPs)
             Began as a Gargoyle Cinder Acolyte on May 16, 2023.
             Was a Priest of Ignis.
             Mangled by Fannar
             ... wielding a staff of cold
              (11 damage)
             ... on level 10 of the Dungeon.
             The game lasted 00:04:20 (8999 turns).

qw the Cleaver (Gargoyle Cinder Acolyte)            Turns: 8999, Time: 00:04:20

Health: -6/71      AC: 37    Str: 25    XL:     11   Next: 34%
Magic:  12/12      EV:  7    Int: 15    God:    Ignis [***...]
Gold:   394        SH:  0    Dex:  5    Spells: 12/12 levels left

rFire   + + .        Y - +3 broad axe (elec)
rCold   . . .        (no shield)
rNeg    + . .        r - +0 plate armour
rPois   inf          d - +0 helmet
rElec   +            g - +0 cloak
rCorr   .            b - +1 pair of gloves
SInv    .            h - +0 pair of boots
Will    +....        p - amulet of Ciahol {Acrobat rPois rF+ Str+3} Stlth
                     l - ring of willpower
HPRegen 0.31/turn    o - +2 ring of protection
MPRegen 0.13/turn

%: acrobat
@: fiery-armoured
A: sickness immunity, AC +8, negative energy resistance 1, electricity
resistance, torment resistance 1, petrification resistance
a: Renounce Religion, Fiery Armour, Foxfire Swarm, Rising Flame


You were on level 10 of the Dungeon.
You worshipped Ignis.
Ignis was most pleased with you.
You visited 1 branch of the dungeon, and saw 10 of its levels.

You collected 560 gold pieces.
You spent 166 gold pieces at shops.


Innate Abilities, Weirdness & Mutations

You are immune to sickness and miasma.
Your stone body is resilient. (AC +8)
You are immune to poison.
You resist negative energy. (rN+)
You are resistant to electric shocks. (rElec)
You are resistant to unholy torment.
You are immune to petrification.


   Skills:
 + Level 9.5 Fighting
 - Level 12.0 Axes
 - Level 1.0 Throwing
 - Level 9.1 Armour
 - Level 1.0 Dodging
 - Level 1.0 Spellcasting
 - Level 3.0 Fire Magic


You had 12 spell levels left.
You didn't know any spells.
Your spell library contained the following spells:

 Spells                   Type           Power      Damage    Failure   Level
 Scorch                   Fire           18%        2d5       75%         2

Inventory:

Hand Weapons
 n - a -1 hand axe of flaming
 Y - a +3 broad axe of electrocution (weapon)
Armour
 b - a +1 pair of gloves (worn)
 d - a +0 helmet (worn)
 g - a +0 cloak (worn)
 h - a +0 pair of boots (worn)
 r - a +0 plate armour (worn)
Jewellery
 e - a ring of ice
 i - a ring of resist corrosion
 k - a ring of protection from fire
 l - a ring of willpower (left hand)
 o - a +2 ring of protection (right hand)
 p - the amulet of Ciahol (around neck) {Acrobat rPois rF+ Str+3}
   (You acquired it on level 2 of the Dungeon)

   [amulet of the acrobat]

   It increases your evasion while moving and waiting.
   Str:       It affects your strength (+3).
   rF:        It protects you from fire.
   rPois:     It protects you from poison.
 u - an amulet of guardian spirit
 v - a ring of positive energy
Scrolls
 a - 8 scrolls of identify
Potions
 c - a potion of mutation
 f - a potion of haste
 j - a potion of might
 m - 3 potions of curing
 q - 2 potions of cancellation

Dungeon Overview and Level Annotations

Branches:
Dungeon (10/15)            Temple (0/1) D:4
   Lair: D:8-11         Orc: D:9-12

Altars:
Okawaru
Qazlal
Ru
Zin

Shops:
D:3 =   D:7 *

Annotations:
D:10 Fannar


Message History

You now have 394 gold pieces (gained 19).
Fannar the Cold-Hearted comes into view.
They are wielding a staff of cold and wearing a +2 robe of cold resistance.
Fannar shouts!
Fannar gestures wildly while chanting.
Fannar drains the heat from the surrounding environment!
You hit Fannar.
Fannar is lightly wounded.
Fannar hits you but does no damage. Fannar freezes you!
You miss Fannar.
Fannar is lightly wounded.
Fannar hits you but does no damage. Fannar freezes you.
8992 ||| INVOKING Fiery Armour.
A protective cloak of flame settles atop you.
Fannar casts a spell.
Fannar drains the heat from the surrounding environment!
You slice Fannar!!
Fannar is moderately wounded.
Fannar mumbles some strange words.
Fannar drains the heat from the surrounding environment!
You barely miss Fannar.
Fannar is moderately wounded.
Fannar gestures at you while chanting. The bolt of cold hits you.
You hit Fannar.
Fannar is moderately wounded.
Fannar barely misses you.
You slash Fannar!
Fannar is heavily wounded.
Fannar mumbles some strange words.
Fannar drains the heat from the surrounding environment!
You barely miss Fannar.
Fannar is heavily wounded.
Fannar hits you but does no damage. Fannar freezes you!
You miss Fannar.
Fannar is heavily wounded.
Fannar mumbles some strange words.
You closely miss Fannar.
Fannar is heavily wounded.
Fannar hits you but does no damage. Fannar freezes you!
You die...

#..# #..# #..# #..# #
#####..####..#
#............#
#.#.....###.#
#.#)#...###.####.
####.#.#....@e......
#........#........##
#.##.##.....#.###Y##.#
#..............##.#
####.####.#.....#.# #
##<.......#
#...........
.....#..###....
..#####.## ...


You could see Fannar and an ice beast (summoned).

Vanquished Creatures
  2 two-headed ogres (D:9)
  Maurice (D:8)
  Joseph (D:6)
  A gargoyle (D:9)
  A troll (D:9)
  A hornet (D:9)
  Grinder (D:3)
  21 yaks
  3 wyverns
  A steam dragon (D:8)
  2 black bears
  2 orc warriors (D:8)
  An ice beast (D:7)
  A sky beast (D:7)
  2 ogres
  3 phantoms
  A kobold brigand (D:6)
  3 scorpions
  7 wights
  3 howler monkeys
  2 hounds
  4 orc priests
  A gnoll bouda (D:5)
  An iguana (D:5)
  7 orc wizards
  Natasha (twice) (D:3)
  Robin (D:3)
  7 gnolls
  11 adders
  A white imp (D:7)
  2 ufetubi
  A dart slug (D:2)
  2 worms (D:2)
  23 orcs
  9 ball pythons
  6 bats
  12 endoplasms
  A giant cockroach (D:4)
  17 goblins
  16 hobgoblins
  3 quokkas
  4 frilled lizards
  16 kobolds
  4 rats
211 creatures vanquished.

Notes
Turn   | Place    | Note
-------+----------+-------------------------------------------
     0 | D:1      | qw the Gargoyle Cinder Acolyte began the quest for the Orb.
     0 | D:1      | Reached XP level 1. HP: 14/14 MP: 2/2
     0 | D:1      | 0 ||| qw: Version: 0.2-a-94-gb5d2a68
     0 | D:1      | 0 ||| qw: Game counter: 65
     0 | D:1      | 0 ||| qw: Always use a shield: true
     0 | D:1      | 0 ||| qw: God list: Okawaru
     0 | D:1      | 0 ||| qw: Allow faded altars: false
     0 | D:1      | 0 ||| qw: Do Orc after D:15 true
     0 | D:1      | 0 ||| qw: Do second Lair branch before Depths: true
     0 | D:1      | 0 ||| qw: Lair rune preference: random
     0 | D:1      | 0 ||| qw: Plans: Normal
     0 | D:1      | 0 ||| PLANNING D:1-11
    45 | D:1      | Reached skill level 3 in Axes
   172 | D:1      | Reached XP level 2. HP: 19/19 MP: 3/3
   662 | D:1      | 662 ||| Stepping ~*~*~tactically~*~*~ (hiding).
   707 | D:1      | Reached XP level 3. HP: 23/23 MP: 4/4
   724 | D:1      | 724 ||| Stepping ~*~*~tactically~*~*~ (stealth).
   835 | D:1      | 835 ||| Stepping ~*~*~tactically~*~*~ (stealth).
  1026 | D:1      | 1026 ||| UPGRADING to +0 leather armour.
  1036 | D:1      | 1036 ||| DROPPING +0 robe.
  1037 | D:1      | 1037 ||| READING 3 scrolls labelled UGAIKI JEADAIL.
  1038 | D:1      | 1038 ||| DRINKING 2 emerald potions.
  1039 | D:1      | 1039 ||| READING 2 scrolls of identify.
  1039 | D:1      | 1039 ||| IDENTIFYING fuming black potion
  1111 | D:2      | Reached skill level 4 in Axes
  1299 | D:2      | Found a faded altar of an unknown god.
  1301 | D:2      | 1301 ||| Stepping ~*~*~tactically~*~*~ (hiding).
  1380 | D:2      | 1380 ||| Stepping ~*~*~tactically~*~*~ (stealth).
  1381 | D:2      | 1381 ||| Stepping ~*~*~tactically~*~*~ (stealth).
  1387 | D:2      | 1387 ||| Stepping ~*~*~tactically~*~*~ (stealth).
  1409 | D:2      | 1409 ||| Stepping ~*~*~tactically~*~*~ (stealth).
  1411 | D:2      | 1411 ||| Stepping ~*~*~tactically~*~*~ (stealth).
  1793 | D:2      | 1793 ||| UPGRADING to ring of willpower.
  1794 | D:2      | 1794 ||| READING 2 scrolls labelled FUUXOPNISOST.
  1794 | D:2      | Identified 2 scrolls of acquirement
  1794 | D:2      | 1794 ||| ACQUIRING amulet of Ciahol {Acrobat rPois rF+
                  | Str+3}
  1794 | D:2      | Acquired the amulet of Ciahol {Acrobat rPois rF+ Str+3}
  1796 | D:2      | 1796 ||| UPGRADING to amulet of Ciahol {Acrobat rPois rF+
                  | Str+3}.
  1801 | D:2      | 1801 ||| READING scroll of acquirement.
  1801 | D:2      | 1801 ||| ACQUIRING +1 broad axe of electrocution
  1801 | D:2      | Acquired a +1 broad axe of electrocution
  1803 | D:2      | 1803 ||| SWAPPING to +1 broad axe of electrocution.
  1804 | D:2      | 1804 ||| READING scroll labelled KANAIV TEERAHI.
  1805 | D:2      | 1805 ||| READING scroll labelled PITUSI RETWA.
  1806 | D:2      | 1806 ||| DRINKING 2 grey potions.
  1807 | D:2      | 1807 ||| READING 3 scrolls of identify.
  1807 | D:2      | 1807 ||| IDENTIFYING purple potion
  1808 | D:2      | 1808 ||| READING 2 scrolls of identify.
  1808 | D:2      | 1808 ||| IDENTIFYING white potion
  1809 | D:2      | 1809 ||| DROPPING potion of degeneration.
  1810 | D:2      | 1810 ||| DROPPING potion of invisibility.
  1811 | D:2      | 1811 ||| DROPPING potion of attraction.
  1831 | D:3      | 1831 ||| Stepping ~*~*~tactically~*~*~ (stealth).
  1832 | D:3      | 1832 ||| Stepping ~*~*~tactically~*~*~ (stealth).
  1833 | D:3      | Noticed Robin
  1834 | D:3      | 1834 ||| Stepping ~*~*~tactically~*~*~ (stealth).
  1838 | D:3      | 1838 ||| INVOKING Fiery Armour.
  1840 | D:3      | Reached XP level 4. HP: 26/28 MP: 5/5
  1847 | D:3      | Killed Robin
  1967 | D:3      | Noticed a scorpion
  1974 | D:3      | Killed a scorpion
  1975 | D:3      | Reached skill level 5 in Axes
  1975 | D:3      | Reached XP level 5. HP: 26/32 MP: 6/6
  2032 | D:3      | Identified the +2 leather armour "Jueh" {*Corrode rC+ rN+
                  | Will+}
  2038 | D:3      | Noticed Natasha
  2045 | D:3      | Killed Natasha
  2055 | D:3      | 2055 ||| Stepping ~*~*~tactically~*~*~ (hiding).
  2144 | D:3      | Noticed an ogre
  2147 | D:3      | Killed an ogre
  2148 | D:3      | Reached XP level 6. HP: 40/40 MP: 7/7
  2149 | D:3      | Found Enad's One-of-a-Kind Rings.
  2155 | D:3      | 2155 ||| BUYING +2 ring of protection (140 gold).
  2155 | D:3      | Bought a +2 ring of protection for 140 gold pieces
  2155 | D:3      | 2155 ||| SHOPLISTING +3 ring of evasion (140 gold, have 4).
  2155 | D:3      | 2155 ||| SHOPLISTING +7 ring of slaying (2416 gold, have
                  | 4).
  2155 | D:3      | 2155 ||| SHOPLISTING +9 ring of strength (1092 gold, have
                  | 4).
  2155 | D:3      | 2155 ||| SHOPLISTING ring "Ippuh" {rF+++ rCorr AC+4 Dex-2}
                  | (1111 gold, have 4).
  2175 | D:3      | 2175 ||| Stepping ~*~*~tactically~*~*~ (stealth).
  2190 | D:3      | 2190 ||| Stepping ~*~*~tactically~*~*~ (stealth).
  2191 | D:3      | 2191 ||| Stepping ~*~*~tactically~*~*~ (stealth).
  2191 | D:3      | Noticed Natasha
  2192 | D:3      | 2192 ||| Stepping ~*~*~tactically~*~*~ (stealth).
  2195 | D:3      | 2195 ||| INVOKING Fiery Armour.
  2203 | D:3      | 2203 ||| Stepping ~*~*~tactically~*~*~ (stealth).
  2210 | D:3      | 2210 ||| Stepping ~*~*~tactically~*~*~ (hiding).
  2212 | D:3      | 2212 ||| Stepping ~*~*~tactically~*~*~ (hiding).
  2217 | D:3      | Killed Natasha
  2528 | D:3      | Noticed Grinder
  2540 | D:3      | Killed Grinder
  2541 | D:3      | Reached skill level 6 in Axes
  2541 | D:3      | Reached XP level 7. HP: 42/44 MP: 8/8
  2717 | D:3      | 2717 ||| UPGRADING to +0 pair of gloves.
  2722 | D:3      | 2722 ||| UPGRADING to +0 helmet.
  2727 | D:3      | 2727 ||| UPGRADING to +0 ring mail.
  2737 | D:3      | 2737 ||| UPGRADING to +2 leather armour "Jueh" {*Corrode
                  | rC+ rN+ Will+}.
  2747 | D:3      | 2747 ||| DROPPING +0 ring mail.
  2748 | D:3      | 2748 ||| DROPPING +0 leather armour.
  2749 | D:3      | 2749 ||| UPGRADING to +0 scale mail.
  2759 | D:3      | 2759 ||| DROPPING +2 leather armour "Jueh" {*Corrode rC+
                  | rN+ Will+}.
  2760 | D:3      | 2760 ||| UPGRADING to +2 ring of protection.
  2761 | D:3      | 2761 ||| READING scroll labelled ANIKHU ONIGG.
  2762 | D:3      | 2762 ||| READING 2 scrolls of identify.
  2762 | D:3      | 2762 ||| IDENTIFYING sedimented emerald potion
  2763 | D:3      | 2763 ||| DROPPING potion of lignification.
  2891 | D:4      | Reached skill level 1 in Armour
  3165 | D:4      | Found a staircase to the Ecumenical Temple.
  3281 | D:4      | 3281 ||| UPGRADING to +0 cloak.
  3286 | D:4      | 3286 ||| DROPPING orb of energy.
  3287 | D:4      | 3287 ||| READING scroll labelled YNEF RABROHI.
  3291 | D:4      | 3291 ||| READING 2 scrolls labelled YLOGUJ WYSASO.
  3292 | D:4      | 3292 ||| READING 2 scrolls of identify.
  3292 | D:4      | 3292 ||| IDENTIFYING murky red potion
  3293 | D:4      | 3293 ||| DROPPING scroll of blinking.
  3301 | D:5      | Entered Level 5 of the Dungeon
  3545 | D:5      | Reached skill level 7 in Axes
  3551 | D:5      | 3551 ||| Stepping ~*~*~tactically~*~*~ (hiding).
  3555 | D:5      | 3555 ||| Stepping ~*~*~tactically~*~*~ (hiding).
  3557 | D:5      | 3557 ||| Stepping ~*~*~tactically~*~*~ (hiding).
  3558 | D:5      | 3558 ||| Stepping ~*~*~tactically~*~*~ (hiding).
  3604 | D:5      | 3604 ||| Stepping ~*~*~tactically~*~*~ (hiding).
  3615 | D:5      | Reached skill level 3 in Armour
  3619 | D:5      | Reached skill level 1 in Throwing
  3684 | D:5      | Reached XP level 8. HP: 49/49 MP: 9/9
  4133 | D:5      | 4133 ||| READING scroll labelled GEDEWK JIMNIYG.
  4134 | D:5      | 4134 ||| READING scroll labelled ZUWYPESUNN.
  4135 | D:5      | 4135 ||| DRINKING 2 silvery potions.
  4136 | D:5      | 4136 ||| READING 2 scrolls of identify.
  4136 | D:5      | 4136 ||| IDENTIFYING inky potion
  4137 | D:5      | 4137 ||| DROPPING potion of magic.
  4359 | D:6      | 4359 ||| INVOKING Fiery Armour.
  4374 | D:6      | Found an iron altar of Okawaru.
  4421 | D:6      | Reached skill level 8 in Axes
  4657 | D:6      | 4657 ||| Stepping ~*~*~tactically~*~*~ (hiding).
  4667 | D:6      | 4667 ||| DRINKING 2 potions of curing.
  4667 | D:6      | 4667 ||| (to cure confusion)
  5008 | D:6      | Reached skill level 6 in Fighting
  5347 | D:6      | 5347 ||| DRINKING 2 brown potions.
  5348 | D:6      | 5348 ||| READING 4 scrolls of identify.
  5348 | D:6      | 5348 ||| IDENTIFYING dark potion
  5349 | D:6      | 5349 ||| READING 3 scrolls of identify.
  5349 | D:6      | 5349 ||| IDENTIFYING lumpy orange potion
  5350 | D:6      | 5350 ||| DROPPING potion of flight.
  5351 | D:6      | 5351 ||| DROPPING potion of ambrosia.
  5403 | D:7      | Noticed Joseph
  5407 | D:7      | 5407 ||| STAIRDANCE
  5444 | D:7      | 5444 ||| STAIRDANCE
  5447 | D:6      | Killed Joseph
  5448 | D:6      | Reached skill level 9 in Axes
  5448 | D:6      | Reached XP level 9. HP: 42/55 MP: 10/10
  5496 | D:7      | Reached skill level 1 in Dodging
  5497 | D:7      | 5497 ||| STAIRDANCE
  5829 | D:7      | 5829 ||| READING scroll of enchant weapon.
  5829 | D:7      | 5829 ||| ENCHANTING +2 broad axe of electrocution.
  5958 | D:7      | 5958 ||| READING scroll of teleportation.
  6026 | D:7      | Found Jypimao's General Store.
  6031 | D:7      | 6031 ||| SHOPLISTING +1 plate armour of fire resistance
                  | (455 gold, have 259).
  6031 | D:7      | 6031 ||| BUYING scroll of identify (26 gold).
  6031 | D:7      | Bought a scroll of identify for 26 gold pieces
  6336 | D:7      | 6336 ||| UPGRADING to +0 pair of boots.
  6341 | D:7      | 6341 ||| UPGRADING to +0 chain mail.
  6351 | D:7      | 6351 ||| DROPPING +0 scale mail.
  6411 | D:8      | 6411 ||| Stepping ~*~*~tactically~*~*~ (stealth).
  6412 | D:8      | Noticed Maurice
  6413 | D:8      | 6413 ||| Stepping ~*~*~tactically~*~*~ (hiding).
  6429 | D:8      | 6429 ||| Stepping ~*~*~tactically~*~*~ (hiding).
  6441 | D:8      | 6441 ||| Stepping ~*~*~tactically~*~*~ (hiding).
  6448 | D:8      | 6448 ||| Stepping ~*~*~tactically~*~*~ (hiding).
  6467 | D:8      | Killed Maurice
  6468 | D:8      | Reached skill level 6 in Armour
  6531 | D:8      | 6531 ||| Stepping ~*~*~tactically~*~*~ (hiding).
  6533 | D:8      | 6533 ||| Stepping ~*~*~tactically~*~*~ (hiding).
  6534 | D:8      | 6534 ||| Stepping ~*~*~tactically~*~*~ (hiding).
  6535 | D:8      | 6535 ||| Stepping ~*~*~tactically~*~*~ (hiding).
  6536 | D:8      | 6536 ||| Stepping ~*~*~tactically~*~*~ (hiding).
  6569 | D:8      | 6569 ||| Stepping ~*~*~tactically~*~*~ (stealth).
  6591 | D:8      | 6591 ||| Stepping ~*~*~tactically~*~*~ (stealth).
  6593 | D:8      | 6593 ||| INVOKING Fiery Armour.
  6612 | D:8      | Reached skill level 10 in Axes
  6612 | D:8      | Reached XP level 10. HP: 46/63 MP: 11/11
  7020 | D:8      | Found a glowing silver altar of Zin.
  7020 | D:8      | Found a stormy altar of Qazlal.
  7091 | D:8      | 7091 ||| READING scroll of enchant armour.
  7091 | D:8      | 7091 ||| ENCHANTING +0 pair of gloves.
  7093 | D:8      | 7093 ||| Stepping ~*~*~tactically~*~*~ (stealth).
  7445 | D:8      | 7445 ||| Stepping ~*~*~tactically~*~*~ (stealth).
  7452 | D:8      | 7452 ||| Stepping ~*~*~tactically~*~*~ (stealth).
  7485 | D:8      | 7485 ||| Stepping ~*~*~tactically~*~*~ (hiding).
  7628 | D:8      | 7628 ||| UPGRADING to +0 plate armour.
  7638 | D:8      | 7638 ||| DROPPING +0 chain mail.
  7817 | D:9      | Reached skill level 11 in Axes
  7834 | D:9      | Reached skill level 9 in Fighting
  7999 | D:9      | Noticed a two-headed ogre
  8009 | D:9      | Killed a two-headed ogre
  8010 | D:9      | Reached skill level 9 in Armour
  8010 | D:9      | Reached XP level 11. HP: 59/71 MP: 12/12
  8190 | D:9      | 8190 ||| Stepping ~*~*~tactically~*~*~ (stealth).
  8203 | D:9      | 8203 ||| INVOKING Fiery Armour.
  8203 | D:9      | HP: 10/71 [yak (9)]
  8204 | D:9      | 8204 ||| DRINKING 2 potions of heal wounds.
  8497 | D:9      | 8497 ||| READING 2 scrolls of teleportation.
  8501 | D:9      | 8501 ||| READING scroll of teleportation.
  8699 | D:9      | Found a sacrificial altar of Ru.
  8768 | D:10     | Entered Level 10 of the Dungeon
  8768 | D:10     | Noticed a two-headed ogre
  8772 | D:10     | 8772 ||| STAIRDANCE
  8775 | D:9      | 8775 ||| INVOKING Fiery Armour.
  8778 | D:9      | HP: 17/71 [two-headed ogre/+0 giant spiked club (5)]
  8779 | D:9      | 8779 ||| DRINKING potion of heal wounds.
  8780 | D:9      | Killed a two-headed ogre
  8781 | D:9      | Reached skill level 12 in Axes
  8957 | D:10     | 8957 ||| Stepping randomly (disturbance).
  8983 | D:10     | Noticed Fannar
  8992 | D:10     | 8992 ||| INVOKING Fiery Armour.
  8997 | D:10     | HP: 4/71 [Fannar/staff of cold (17)]
  8999 | D:10     | Mangled by Fannar

Levels and vault maps discovered:
D:1:      ldierk_walled_garden_2, layout_loops_corners, serial_park_tiny_pond
D:2:      layout_loops_ring, hellmonk_ecumenical_altar_run_dry,
          minmay_misc_feat_more_columns, nrook_mini_backslash
D:3:      layout_loops_ring, nicolae_shop_unique_rings, uniq_grinder,
          uniq_natasha, uniq_robin
D:4:      layout_cave_pools, minmay_temple_entry_butterflies,
          serial_bayou_ford_a
D:5:      layout_basic
D:6:      layout_layer_cave, okawaru_altar_gauntlet_db, grunt_decor_fettered
D:7:      layout_loops_ring, serial_shops, shop, uniq_joseph
D:8:      layout_gridville, amethyst_overflow_temple_binary,
          serial_co_window_serial, co_window_paths_a, co_window_corner_a,
          co_window_paths_b, co_window_paths_a, co_window_cross_1,
          co_window_corner_b, co_window_broadway_a, co_window_corner_b,
          co_window_unsneaky_path_e, co_window_broadway_c, glass_columns_b,
          glass_columns_a, glass_columns_a, glass_columns_c, glass_columns_b,
          uniq_maurice
D:9:      layout_irregular_city, nicolae_ru_the_path_less_chosen
D:10:     hangedman_cross_stitches, layout_loops_ring,
          nicolae_yredelemnul_corpse_copse, zombieorc1_lemuel,
          hangedman_tell_no_tales, uniq_fannar

Skill      XL: |  1  2  3  4  5  6  7  8  9 10 11 |
---------------+----------------------------------+-----
Axes           | 3 4 5 6 7 9 10 11 12 | 12.0
Fighting       | 4 5 6 7 9 |  9.5
Armour         | 3 6 9 |  9.1
Throwing       | 1 |  1.0
Dodging        | 1 |  1.0
Spellcasting   | |  1.0
Fire Magic     | |  3.0

Action                     |  1- 3 |  4- 6 |  7- 9 | 10-12 || total
---------------------------+-------+-------+-------+-------++-------
  Melee: Hand axe          |   155 |       |       |       ||   155
         Broad axe         |     4 |    77 |   237 |   135 ||   453
         Punch             |     1 |       |     3 |     5 ||     9
  Throw: Boomerang         |       |       |    49 |       ||    49
 Invoke: Fiery Armour      |     1 |     1 |     2 |     3 ||     7
    Use: Scroll            |     8 |       |    12 |     3 ||    23
         Potion            |     2 |       |     3 |     2 ||     7
 Armour: Robe              |    24 |       |       |       ||    24
         Leather armour    |    18 |    36 |       |       ||    54
         Scale mail        |       |       |   122 |       ||   122
         Chain mail        |       |       |    19 |    24 ||    43
         Plate armour      |       |       |       |    69 ||    69
  Dodge: Dodged            |    86 |    39 |    99 |    56 ||   280

Table legend:
 A = Non-vault XP
 B = Vault XP
 C = Vault XP percentage of total XP
 D = Non-vault monster count
 E = Vault monster count
 F = Vault count percentage of total count
                 A         B        C        D         E       F
            +---------+---------+-------+---------+---------+-------
      Total |   11115 |    1304 |  10.5 |     190 |      21 |  10.0
            +---------+---------+-------+---------+---------+-------
        D:1 |      48 |       0 |   0.0 |      31 |       0 |   0.0
        D:2 |      31 |       0 |   0.0 |      14 |       0 |   0.0
        D:3 |     332 |     325 |  49.5 |      25 |      13 |  34.2
        D:4 |     268 |       0 |   0.0 |      19 |       0 |   0.0
        D:5 |     411 |       0 |   0.0 |      15 |       0 |   0.0
        D:6 |     697 |     476 |  40.6 |      23 |       7 |  23.3
        D:7 |     625 |       0 |   0.0 |       8 |       0 |   0.0
        D:8 |    2581 |     503 |  16.3 |      32 |       1 |   3.0
        D:9 |    5877 |       0 |   0.0 |      21 |       0 |   0.0
       D:10 |     245 |       0 |   0.0 |       2 |       0 |   0.0
            +---------+---------+-------+---------+---------+-------
